 Dungeon Crawl Stone Soup version 0.28.0-45-g0d030f2227 (webtiles) character file.

Game seed: 3243629734807523329

172 Naeght the Covert (level 5, -1/47 HPs)
             Began as a Gnoll Delver on Apr 20, 2022.
             Slain by a kobold brigand
             ... wielding a +0 whip
              (6 damage)
             ... in a sewer.
             The game lasted 00:06:13 (1341 turns).

Naeght the Covert (Gnoll Delver)                    Turns: 1341, Time: 00:06:13

Health: -1/47      AC:  3    Str: 14    XL:     5   Next: 52%
Magic:  7/7        EV: 13    Int:  9    God:
Gold:   31         SH:  0    Dex: 13    Spells: 7/7 levels left

rFire   . . .      SeeInvis .   j - +1 whip (venom)
rCold   . . .      Faith    .   (no shield)
rNeg    . . .      Spirit   .   b - +0 leather armour
rPois   .          Reflect  .   (no helmet)
rElec   .          Harm     .   (no cloak)
rCorr   .          Rampage  .   (no gloves)
Will    .....                   (no boots)
Stlth   ++++......              (no amulet)
HPRegen 0.15/turn               (no ring)
MPRegen 0.10/turn               (no ring)

@: lethally poisoned (-1 -> -2), slowed, very slow
A: fangs 1, strong nose, distributed training
a: no special abilities


You were in a sewer.
You visited 1 branch of the dungeon, and saw 1 of its levels.
You also visited: Sewer.

You collected 31 gold pieces.

Inventory:

Hand Weapons
 a - a +0 mace
 j - a +1 whip of venom (weapon)
Missiles
 h - 11 poisoned darts (quivered)
Armour
 b - a +0 leather armour (worn)
Wands
 g - a wand of digging (3)
Scrolls
 c - 2 scrolls of fog
 e - a scroll of fear
 i - a scroll of teleportation {unknown}
Potions
 d - a potion of curing {unknown}
 f - a potion of haste


   Skills:
 + Level 6.7 Fighting
 + Level 1.5 Short Blades
 + Level 1.5 Long Blades
 + Level 1.5 Axes
 + Level 4.8 Maces & Flails
 + Level 1.5 Polearms
 + Level 1.5 Staves
 + Level 1.5 Slings
 + Level 1.5 Bows
 + Level 1.5 Crossbows
 + Level 1.5 Throwing
 + Level 1.5 Armour
 + Level 4.8 Dodging
 + Level 9.7 Stealth
 + Level 1.5 Shields
 + Level 1.5 Unarmed Combat
 + Level 1.5 Spellcasting
 + Level 1.2 Conjurations
 + Level 1.2 Hexes
 + Level 1.2 Summonings
 + Level 1.2 Necromancy
 + Level 1.2 Translocations
 + Level 1.2 Transmutations
 + Level 1.2 Fire Magic
 + Level 1.2 Ice Magic
 + Level 1.2 Air Magic
 + Level 1.2 Earth Magic
 + Level 1.2 Poison Magic
 + Level 1.7 Invocations
 + Level 1.5 Evocations


You had 7 spell levels left.
You didn't know any spells.
Your spell library was empty.

Dungeon Overview and Level Annotations

Branches:
Dungeon (5/15)              Sewer (1/1)
 Temple: D:4-7

Altars:


Innate Abilities, Weirdness & Mutations

You have very sharp teeth.
Your uncanny sense of smell can sniff out nearby items.
Your experience applies equally to all skills.


Message History

You enter the shallow water.
Moving in this stuff is going to be slow.
You enter the shallow water.
Moving in this stuff is going to be slow.
You enter the shallow water.
Moving in this stuff is going to be slow.
A worm and a kobold brigand come into view.
The kobold brigand is wielding a +0 whip and quivering curare-tipped darts.
The kobold brigand shouts!
The kobold brigand throws a curare-tipped dart.
The curare-tipped dart hits you.
You are poisoned.
You have difficulty breathing.
You feel yourself slow down.
You feel very sick.
You feel very sick.
You feel sick.
You feel sick.
You feel sick.
You feel sick.
You are no longer poisoned.
The kobold brigand throws a curare-tipped dart.
The curare-tipped dart hits you.
You are poisoned.
You have difficulty breathing.
You feel as though you will be slow longer.
You feel very sick.
You feel very sick.
You barely miss the kobold brigand.
You feel sick.
The kobold brigand hits you with a +0 whip.
* * * LOW HITPOINT WARNING * * *
You closely miss the kobold brigand.
You feel sick. The kobold brigand closely misses you.
You hit the kobold brigand but do no damage.
The kobold brigand is poisoned.
Your bite misses the kobold brigand.
You feel sick. The kobold brigand closely misses you.
You barely miss the kobold brigand.
The kobold brigand is lightly wounded.
You feel sick.
The kobold brigand hits you with a +0 whip.
You die...

.≈≈.≈.≈≈≈≈≈. #≈≈≈.≈≈....≈
#≈≈.≈≈≈..∩.. #≈.≈≈≈......
#≈...≈≈≈.∩.. ##
##≈≈≈.≈≈≈≈... ≈≈≈.#####
##.≈≈≈≈≈...≈..
#≈≈.≈≈####≈.≈≈##≈.≈.≈.≈
≈≈≈≈###.@.....≈####...≈..
### #.K≈≈≈≈≈.# ##...≈≈≈
.w≈≈≈###≈≈.≈.≈.####≈≈≈≈.≈.
#≈≈≈w≈########≈≈≈≈)÷≈.≈
.≈K≈≈##### #.≈≈..##### ###
#.≈≈.## # #≈≈≈## #...#
#.≈.#


You could see a kobold brigand (very poisoned) and a worm.

Vanquished Creatures
  2 kobold brigands (Sewer)
  2 river rats (Sewer)
  3 worms
  2 ball pythons (Sewer)
  3 kobolds (Sewer)
  A rat (Sewer)
13 creatures vanquished.

Notes
Turn   | Place    | Note
-------+----------+-------------------------------------------
     0 | D:5      | Reached skill level 9 in Stealth
     0 | D:5      | Naeght the Gnoll Delver began the quest for the Orb.
     0 | D:5      | Reached XP level 1. HP: 23/23 MP: 1/1
    55 | D:5      | Noticed an ice beast
    76 | D:5      | Found a glowing drain.
    84 | Sewer    | Entered a sewer
   146 | Sewer    | Reached XP level 2. HP: 11/29 MP: 2/2
   704 | Sewer    | Noticed a kobold brigand
   735 | Sewer    | Reached XP level 3. HP: 31/35 MP: 3/3
   740 | Sewer    | Noticed a kobold brigand
   771 | Sewer    | Noticed a kobold brigand
   811 | Sewer    | Killed a kobold brigand
   812 | Sewer    | Reached skill level 1 in Short Blades
   812 | Sewer    | Reached skill level 1 in Long Blades
   812 | Sewer    | Reached skill level 1 in Axes
   812 | Sewer    | Reached skill level 1 in Polearms
   812 | Sewer    | Reached skill level 1 in Staves
   812 | Sewer    | Reached skill level 1 in Slings
   812 | Sewer    | Reached skill level 1 in Bows
   812 | Sewer    | Reached skill level 1 in Crossbows
   812 | Sewer    | Reached skill level 1 in Throwing
   812 | Sewer    | Reached skill level 1 in Armour
   812 | Sewer    | Reached skill level 1 in Shields
   812 | Sewer    | Reached skill level 1 in Unarmed Combat
   812 | Sewer    | Reached skill level 1 in Spellcasting
   812 | Sewer    | Reached skill level 1 in Conjurations
   812 | Sewer    | Reached skill level 1 in Hexes
   812 | Sewer    | Reached skill level 1 in Summonings
   812 | Sewer    | Reached skill level 1 in Necromancy
   812 | Sewer    | Reached skill level 1 in Translocations
   812 | Sewer    | Reached skill level 1 in Transmutations
   812 | Sewer    | Reached skill level 1 in Fire Magic
   812 | Sewer    | Reached skill level 1 in Ice Magic
   812 | Sewer    | Reached skill level 1 in Air Magic
   812 | Sewer    | Reached skill level 1 in Earth Magic
   812 | Sewer    | Reached skill level 1 in Poison Magic
   812 | Sewer    | Reached skill level 1 in Invocations
   812 | Sewer    | Reached skill level 1 in Evocations
   812 | Sewer    | Reached XP level 4. HP: 22/41 MP: 3/5
   999 | Sewer    | Noticed a kobold brigand
  1195 | Sewer    | Killed a kobold brigand
  1196 | Sewer    | Reached XP level 5. HP: 38/47 MP: 5/7
  1328 | Sewer    | Noticed a kobold brigand
  1341 | Sewer    | Slain by a kobold brigand

Illustrated notes

Levels and vault maps discovered:
D:5:      layout_basic, lemuel_doored_altar, cheibrodos_sewer_entry_bend,
          chequers_decorated_corner, uniq_crazy_yiuf_cottage
Sewer:    sewer_co_tree

Skill      XL: |  1  2  3 |
---------------+----------+-----
Stealth        | |  9.7
Short Blades   | 1 |  1.5
Long Blades    | 1 |  1.5
Axes           | 1 |  1.5
Polearms       | 1 |  1.5
Staves         | 1 |  1.5
Slings         | 1 |  1.5
Bows           | 1 |  1.5
Crossbows      | 1 |  1.5
Throwing       | 1 |  1.5
Armour         | 1 |  1.5
Shields        | 1 |  1.5
Unarmed Combat | 1 |  1.5
Spellcasting   | 1 |  1.5
Conjurations   | 1 |  1.2
Hexes          | 1 |  1.2
Summonings     | 1 |  1.2
Necromancy     | 1 |  1.2
Translocations | 1 |  1.2
Transmutations | 1 |  1.2
Fire Magic     | 1 |  1.2
Ice Magic      | 1 |  1.2
Air Magic      | 1 |  1.2
Earth Magic    | 1 |  1.2
Poison Magic   | 1 |  1.2
Invocations    | 1 |  1.7
Evocations     | 1 |  1.5
Fighting       | |  6.7
Maces & Flails | |  4.8
Dodging        | |  4.8

Action                   |  1- 3 |  4- 6 || total
-------------------------+-------+-------++-------
Melee: Mace              |    56 |     5 ||    61
       Bite              |     9 |       ||     9
       Whip              |       |    23 ||    23
       Punch             |       |     1 ||     1
Throw: Dart              |       |     1 ||     1
  Use: Scroll            |     1 |       ||     1
 Stab: Sleeping          |       |     1 ||     1
Armor: Leather armour    |     6 |     2 ||     8
Dodge: Dodged            |    26 |     9 ||    35
